 Dungeon Crawl Stone Soup version 0.31-a0-486-g8d68a81214 (webtiles) character file.

Game seed: 5115681786440064194

100 pascalblue the Conjurer (level 4, -6/24 HPs)
             Began as a Deep Elf Conjurer on Aug 7, 2023.
             Mangled by Sigmund
             ... wielding a +5 scythe of protection
              (9 damage)
             ... on level 3 of the Dungeon.
             The game lasted 00:05:34 (2140 turns).

pascalblue the Conjurer (Deep Elf Conjurer)         Turns: 2140, Time: 00:05:35

Health: -6/24      AC:  3    Str:  4    XL:     4   Next: 47%
Magic:  11/11      EV: 13    Int: 25    God:
Gold:   110        SH:  0    Dex: 19    Spells: 7/10 levels left

rFire   . . .        m - +5 mace of Plague {flame, rElec rC+ SInv}
rCold   + + .        (no shield)
rNeg    . . .        a - +0 robe
rPois   .            (no helmet)
rElec   +            p - +0 cloak
rCorr   .            (no gloves)
SInv    +            (no boots)
Will    .....        h - amulet of magic regeneration
Stlth   +            j - ring of protection from cold
HPRegen 0.24/turn    l - +6 ring of dexterity
MPRegen 0.52/turn

%: no passive effects
@: confused
A: no striking features
a: no special abilities


You were on level 3 of the Dungeon.
You visited 1 branch of the dungeon, and saw 3 of its levels.

You collected 110 gold pieces.

Inventory:

Hand Weapons
 d - a +0 dagger
 m - the +5 mace of Plague (weapon) {flame, rElec rC+ SInv}
   (You found it on level 3 of the Dungeon)

   rC:        It protects you from cold.
   rElec:     It insulates you from electricity.
   SInv:      It lets you see invisible.
Armour
 a - a +0 robe (worn)
 p - a +0 cloak (worn)
Jewellery
 h - an amulet of magic regeneration (around neck)
 j - a ring of protection from cold (left hand)
 l - a +6 ring of dexterity (right hand)
Wands
 i - a wand of flame (22)
Scrolls
 e - 2 scrolls of identify {unknown}
 g - a scroll of enchant armour {unknown}
 k - a scroll of amnesia {unknown}
 n - a scroll of vulnerability {unknown}
Potions
 b - 2 potions of magic
 c - a potion of brilliance {unknown}
 f - a potion of curing {unknown}
 o - 2 potions of might {unknown}
 q - a potion of haste {unknown}


   Skills:
 - Level 2.4 Dodging
 - Level 2.4 Stealth
 + Level 3.5 Spellcasting
 * Level 6.3 Conjurations


You had 7 spell levels left.
You knew the following spells:

 Your Spells              Type           Power      Damage    Failure   Level
a - Magic Dart            Conj           100%       1d8       1%          1
b - Searing Ray           Conj           72%        2d7       1%          2

Your spell library contained the following spells:

 Spells                   Type           Power      Damage    Failure   Level
 Dazzling Flash           Conj/Hex       40%        N/A       8%          3
 Fulminant Prism          Conj/Hex       10%        3d9       26%         4
 Iskenderun's Mystic Bla  Conj/Tloc      20%        2d6       26%         4


Dungeon Overview and Level Annotations

Branches:
Dungeon (3/15)

Altars:

Shops:
D:2 [

Annotations:
D:3 Sigmund


Message History

The searing ray misses Sigmund.
You finish channelling your searing ray.
Casting: Searing Ray (safe; 1% risk of failure)
Confirm with . or Enter, or press ? or * to list all spells.
Aiming: Searing Ray (safe; 1% risk of failure)
Press: ? - help, Shift-Dir - straight line You miscast Searing Ray.
You are very lightly contaminated with residual magic.
Nothing appears to happen.
Sigmund barely misses you. Sigmund gestures at you while chanting.
The magic dart hits you.
Sigmund hits you from afar with a +5 scythe of protection!
Sigmund points at you and mumbles some strange words.
You are confused.
Sigmund casts a spell at you. The magic dart hits you.
* * * LOW HITPOINT WARNING * * *
You see here a giant cockroach corpse.
Sigmund casts a spell at you.
You are more confused.
Your magical contamination has completely faded away.
Sigmund hits you from afar with a +5 scythe of protection.
* * * LOW HITPOINT WARNING * * *
Sigmund's eyes start glowing with a red light.
Sigmund points at you and mumbles some strange words.
You are more confused.
You're too confused to move!
Sigmund closely misses you.
You bump into the rock wall.
Sigmund says, "Don't worry, I'll kill you fast."
You bump into the rock wall.
Sigmund points at you and mumbles some strange words.
You resist with some effort.
You are too confused!
Sigmund gestures at you while chanting. The puff of flame hits you.
* * * LOW HITPOINT WARNING * * *
Sigmund gestures at you while chanting. You resist with some effort.
Sigmund hits you from afar with a +5 scythe of protection!
You die...

#.# #... #.# #... #.#
#... .. #########†#####
#... ... #.............#
#... .... #.$...........#
#... ....##.............#
#... ..........@....†...#
#... ........@.##......##
#...
..........##......####...
..........##.............
..........##......#######
############......# #
#......# # #......# #
#......# # #......# #


You could see Sigmund (invisible).

Vanquished Creatures
  5 adders
  8 bats
  6 endoplasms
  5 giant cockroaches
  4 goblins
  3 hobgoblins
  3 jackals (D:1)
  3 quokkas
  A ball python (D:1)
  5 frilled lizards
  5 kobolds
  6 rats
54 creatures vanquished.

Notes
Turn   | Place    | Note
-------+----------+-------------------------------------------
     0 | D:1      | pascalblue the Deep Elf Conjurer began the quest for the
                  | Orb.
     0 | D:1      | Reached XP level 1. HP: 10/10 MP: 6/6
   294 | D:1      | Reached XP level 2. HP: 15/15 MP: 6/8
   298 | D:1      | Learned a level 2 spell: Searing Ray
   361 | D:1      | Reached skill level 5 in Conjurations
   782 | D:1      | Reached XP level 3. HP: 19/19 MP: 7/9
  1550 | D:2      | Found Hudydd's Armour Boutique.
  1597 | D:2      | Reached skill level 6 in Conjurations
  1597 | D:2      | Reached XP level 4. HP: 24/24 MP: 7/11
  1790 | D:3      | Identified the +5 mace of Plague {flame, rElec rC+ SInv}
  2049 | D:3      | Found a faded altar of an unknown god.
  2113 | D:3      | Noticed Sigmund
  2140 | D:3      | Mangled by Sigmund

Illustrated notes

Levels and vault maps discovered:
D:1:      amcnicky_arrival_feature_with_door, layout_basic
D:2:      cheibrodos_old_hovel, layout_basic, serial_shops,
          nicolae_shop_waterfront, chequers_serial_rivers_marsh,
          corexii_item_surrounded_by_moat, hangedman_feature_mirror
D:3:      layout_basic, hellmonk_ecumenical_altar_run_dry, minmay_distorted,
          uniq_sigmund

Skill      XL: |  1  2  3 |
---------------+----------+-----
Conjurations   | 5 6 |  6.3
Dodging        | |  2.4
Stealth        | |  2.4
Spellcasting   | |  3.5

Action                     |  1- 3 |  4- 6 || total
---------------------------+-------+-------++-------
  Melee: Dagger            |     5 |       ||     5
   Cast: Magic Dart        |    66 |    30 ||    96
         Searing Ray       |       |     1 ||     1
 Armour: Robe              |     2 |     1 ||     3
  Dodge: Dodged            |     4 |     2 ||     6

Table legend: (Time is in decaauts)
 A = Elapsed time spent in this place.
 B = Non-inter-level travel time spent in this place.
 C = Inter-level travel time spent in this place.
 D = Time resting spent in this place.
 E = Time spent auto-exploring this place.
 F = Levels seen in this place.
 G = Mean time per level.
                   A        B        C        D        E       F      G
               +--------+--------+--------+--------+--------+-----+--------+
         Total |   2142 |   2093 |     49 |      0 |   1850 |   3 |  714.0 |
       Dungeon |   2142 |   2093 |     49 |      0 |   1850 |   3 |  714.0 |
               +--------+--------+--------+--------+--------+-----+--------+

Top non-repeatable levels by time:
     D:1: 1128 daAuts
     D:2: 652 daAuts
     D:3: 361 daAuts
